AoeStats
← Your father like an elephant

Arena

510080655Analyzed
3v3 RM · 3d ago on Sep 29, 2026· 48m 46s· 6 players
Game mode
Random Map
Map size
Normal (6 player)
Population
200
Speed
Normal
Resources
Standard
Victory
Conquest
Starting age
Dark Age
Ending age
Imperial Age
RankedLock teamsTeams togetherTeam positionsShared explorationLock speedFull tech treeHidden civsTurbo modeCheats
Victory
Defeat
🇫🇷 Byzantines · France
1297
+13
🇹🇼 Persians · Taiwan
1150
+19
🇦🇺 Japanese · Australia
1093
+22
🇺🇸 Varangians · United States
1213
-18
1213
-18
1213
-18
In9Ma
10:18 Feudal Age
14:46 Castle Age
13:09 Double-Bit Axe
13:43 Horse Collar
19:55 Loom
24:09 Wheelbarrow
24:10 Bow Saw
25:12 Gold Mining
25:30 Heavy Plow
26:06 Hand Cart
31:29 Imperial Age
29:12 Town Watch
29:39 Forging
29:29 Scale Mail Armor
29:23 Stone Mining
30:04 Arson
30:20 Squires
30:57 Iron Casting
31:24 Chain Mail Armor
31:42 Elite Varangian Guard
34:00 Blast Furnace
34:18 Stone Shaft Mining
34:15 Crop Rotation
34:18 Plate Mail Armor
33:54 Scale Barding Armor
34:33 Gothikon
35:33 Conscription
36:01 Fletching
36:36 Bloodlines
37:10 Chain Barding Armor
36:52 Pikeman
37:58 Husbandry
37:19 Light Cavalry
37:49 Halberdier
39:03 Hussar
39:52 Murder Holes
39:40 Treadmill Crane
40:21 Ballistics
40:22 Guilds
40:47 Gambesons
Your mother like a camel
5:04 Loom
10:34 Feudal Age
14:33 Castle Age
12:38 Double-Bit Axe
14:32 Horse Collar
27:22 Bow Saw
29:19 Heavy Plow
29:17 Gold Mining
32:37 Imperial Age
29:34 Man-at-Arms
30:41 Long Swordsman
31:06 Arson
31:24 Squires
32:18 Gold Shaft Mining
32:28 Wheelbarrow
31:39 Town Watch
32:43 Scale Mail Armor
32:54 Forging
32:09 Pikeman
32:53 Two-Handed Swordsman
34:32 Hand Cart
36:42 Chain Mail Armor
37:02 Iron Casting
35:53 Champion
38:53 Stone Mining
44:04 Capped Ram
45:14 Conscription
44:57 Farimba
45:50 Plate Mail Armor
Your father like an elephant
9:58 Feudal Age
11:35 Double-Bit Axe
14:06 Castle Age
13:11 Loom
19:26 Wheelbarrow
18:36 Horse Collar
22:52 Bow Saw
27:24 Crossbowman
32:43 Heavy Plow
36:27 Imperial Age
34:24 Gold Mining
35:01 Thumb Ring
40:53 Padded Archer Armor
xoxodniw
11:50 Feudal Age
15:17 Castle Age
13:45 Double-Bit Axe
13:57 Horse Collar
14:22 Gold Mining
16:11 Wheelbarrow
20:02 Bow Saw
20:17 Loom
20:58 Stone Mining
22:12 Heavy Plow
24:45 Gold Shaft Mining
24:46 Stone Shaft Mining
30:14 Imperial Age
27:51 Scale Barding Armor
28:40 Forging
29:05 Chain Barding Armor
30:01 Iron Casting
30:40 Hand Cart
30:01 Elite War Elephant
30:56 Guilds
32:09 Plate Barding Armor
32:54 Blast Furnace
33:17 Two-Man Saw
34:15 Crop Rotation
34:41 Bloodlines
34:31 Husbandry
34:56 Caravan
35:26 Town Watch
37:05 Fletching
43:34 Capped Ram
44:19 Bodkin Arrow
45:16 Siege Ram
Alfeternale
10:42 Feudal Age
14:30 Castle Age
12:37 Double-Bit Axe
14:07 Scale Mail Armor
21:11 Horse Collar
22:38 Forging
25:42 Wheelbarrow
24:53 Loom
26:39 Squires
27:28 Gambesons
28:00 Chain Mail Armor
27:59 Arson
28:33 Gold Mining
31:36 Hand Cart
32:32 Gold Shaft Mining
32:46 Bow Saw
33:00 Heavy Plow
35:36 Iron Casting
36:01 Husbandry
39:14 Imperial Age
37:10 Scale Barding Armor
37:14 Treadmill Crane
41:02 Two-Man Saw
40:33 Crop Rotation
41:00 Chain Barding Armor
43:29 Plate Barding Armor
Starving Maggot
10:19 Feudal Age
14:20 Castle Age
12:07 Double-Bit Axe
14:38 Horse Collar
17:41 Fletching
23:56 Scale Mail Armor
29:37 Imperial Age
27:42 Loom
30:25 Gold Mining
31:37 Chemistry
31:38 Fortified Wall
31:53 Bow Saw
32:59 Conscription
32:43 Squires
33:04 Chain Mail Armor
34:24 Ballistics
33:50 Treadmill Crane
35:35 Plate Mail Armor
36:11 Arson
38:41 Forging
41:46 Iron Casting
44:36 Elite Samurai
46:20 Blast Furnace
Connection lost

Rejoining the realm…

Still unreachable

The connection could not be restored.

Session expired

The server has moved on; the page needs a fresh start.